 Dungeon Crawl Stone Soup version 0.28.0-43-g3370ac3207 (webtiles) character file.

Game seed: 1178312421036865048

4629 jimonade the Fighter (level 10, 0/85 HPs)
             Began as a Gnoll Wanderer on Mar 16, 2022.
             Was a Priest of Okawaru.
             Slain by a death yak (8 damage)
             ... on level 9 of the Dungeon.
             The game lasted 00:43:56 (12245 turns).

jimonade the Fighter (Gnoll Wanderer)              Turns: 12245, Time: 00:43:56

Health: 0/85       AC: 20    Str: 14    XL:     10   Next: 42%
Magic:  16/17      EV:  9    Int: 10    God:    Okawaru [***...]
Gold:   454        SH: 10    Dex: 21    Spells: 19/19 levels left

rFire   . . .      SeeInvis .   t - +4 spear (flame)
rCold   . . .      Faith    .   d - +2 buckler
rNeg    + . .      Spirit   .   Y - +0 plate armour
rPois   .          Reflect  .   (no helmet)
rElec   .          Harm     .   A - +0 cloak
rCorr   .          Rampage  .   E - +0 pair of gloves
Will    .....                   r - +0 pair of boots
Stlth   +.........              (no amulet)
HPRegen 0.24/turn               Q - +6 ring of dexterity
MPRegen 0.15/turn               j - ring of positive energy

@: mighty, heroic
A: fangs 1, strong nose, distributed training
a: Renounce Religion, Heroism


You were on level 9 of the Dungeon.
You worshipped Okawaru.
Okawaru was most pleased with you.
You visited 2 branches of the dungeon, and saw 11 of its levels.

You collected 454 gold pieces.

Inventory:

Hand Weapons
 e - a +4 dagger
 t - a +4 spear of flaming (weapon)
 C - a +4 shortbow
 U - a +4 spectral hand axe
 X - a +3 mace of freezing
Missiles
 f - 344 stones
 k - 146 sling bullets
 l - 49 poisoned darts (quivered)
 n - 114 arrows
 y - 2 boomerangs
 B - 37 bolts
 T - 12 boomerangs of dispersal
Armour
 c - a +0 scale mail
 d - a +2 buckler (worn)
 q - an orb of energy
 r - a +0 pair of boots (worn)
 z - a +0 chain mail
 A - a +0 cloak (worn)
 E - a +0 pair of gloves (worn)
 S - a +2 robe of positive energy
 Y - a +0 plate armour (worn)
 Z - +0 acid dragon scales
Jewellery
 j - a ring of positive energy (right hand)
 H - a ring of wizardry
 Q - a +6 ring of dexterity (left hand)
 R - a ring of positive energy
 W - a ring of wizardry
Wands
 h - a wand of digging (7)
 i - a wand of mindburst (7)
 J - a wand of flame (27)
 L - a wand of iceblast (14)
 P - a wand of acid (9)
Scrolls
 a - 3 scrolls of enchant weapon {unknown}
 b - a scroll of fog
 m - a scroll of vulnerability {unknown}
 u - 2 scrolls of magic mapping
 w - a scroll of brand weapon
 G - a scroll of teleportation {unknown}
 I - a scroll of silence {unknown}
 N - 4 scrolls of blinking
 O - 7 scrolls of identify
Potions
 g - 2 potions of brilliance
 p - 2 potions of might
 s - 2 potions of curing
 v - a potion of flight
 x - a potion of resistance {unknown}
 D - a potion of cancellation {unknown}
 F - a potion of magic {unknown}
 K - 3 potions of lignification
 M - 2 potions of haste
 V - a potion of invisibility {unknown}


   Skills:
 + Level 10.1(15.1) Fighting
 + Level 5.2(10.2) Short Blades
 + Level 5.2(10.2) Long Blades
 + Level 5.2(10.2) Axes
 + Level 5.2(10.2) Maces & Flails
 + Level 5.2(10.2) Polearms
 + Level 5.2(10.2) Staves
 + Level 5.2(10.2) Slings
 + Level 5.2(10.2) Bows
 + Level 5.2(10.2) Crossbows
 + Level 5.2(10.2) Throwing
 + Level 7.1(12.1) Armour
 + Level 5.2(10.2) Dodging
 + Level 5.2(10.2) Stealth
 + Level 8.5(13.5) Shields
 + Level 5.2(10.2) Unarmed Combat
 + Level 5.2 Spellcasting
 + Level 4.3 Conjurations
 + Level 4.3 Hexes
 + Level 4.3 Summonings
 + Level 4.3 Necromancy
 + Level 4.3 Translocations
 + Level 4.3 Transmutations
 + Level 4.3 Fire Magic
 + Level 4.3 Ice Magic
 + Level 4.3 Air Magic
 + Level 4.3 Earth Magic
 + Level 4.3 Poison Magic
 + Level 5.8 Invocations
 + Level 5.9 Evocations


You had 19 spell levels left.
You didn't know any spells.
Your spell library contained the following spells:

 Spells                   Type           Power      Damage    Failure   Level
 Magic Dart               Conj           44%        1d5       85%         1
 Searing Ray              Conj           22%        2d5       94%         2
 Fulminant Prism          Conj/Hex       5%         3d7       100%        4
 Orb of Destruction       Conj           5%         9d5       100%        7
 Summon Guardian Golem    Hex/Summ       Unusable   N/A       N/A         3
 Spellforged Servitor     Conj/Summ      Unusable   N/A       N/A         7

Dungeon Overview and Level Annotations

Branches:
Dungeon (10/15)            Temple (1/1) D:7
   Lair: D:8-11         Orc: D:9-12

Altars:
Ashenzari
Cheibriados
Dithmenos
Elyvilon
Fedhas
Gozag
Hepliaklqana
Kikubaaqudgha
Makhleb
Nemelex Xobeh
Okawaru
Qazlal
Ru
Sif Muna
Trog
Uskayaw
Vehumet
Wu Jian
Xom
Yredelemnul
Zin
The Shining One

Shops:
D:8 (

Annotations:
D:8 3 runed translucent doors, Fangowolf's ghost, novice GrGl


Innate Abilities, Weirdness & Mutations

You have very sharp teeth.
Your uncanny sense of smell can sniff out nearby items.
Your experience applies equally to all skills.


Message History

You gain the combat prowess of a mighty hero.
The death yak gores you.
You hit the death yak. You burn the death yak.
The death yak is moderately wounded.
You hit the death yak but do no damage.
The death yak is moderately wounded.
The death yak barely misses you.
You barely miss the death yak.
The death yak is moderately wounded.
The death yak closely misses you.
You hit the death yak but do no damage.
The death yak is moderately wounded.
You hit the death yak but do no damage.
The death yak is moderately wounded.
The death yak gores you but does no damage.
You hit the death yak. You burn the death yak.
The death yak is moderately wounded.
You hit the death yak but do no damage.
The death yak is moderately wounded.
The death yak gores you!!
* * * LOW HITPOINT WARNING * * *
You feel much better. The death yak gores you!
You hit the death yak. You burn the death yak.
The death yak is moderately wounded.
The death yak barely misses you.
You hit the death yak. You burn the death yak.
You bite the death yak, but do no damage.
The death yak is moderately wounded.
You hit the death yak. You burn the death yak. Your bite misses the death yak.
The death yak is heavily wounded.
The death yak gores you!
* * * LOW HITPOINT WARNING * * *
You feel very mighty all of a sudden. The death yak gores you!
* * * LOW HITPOINT WARNING * * *
You puncture the death yak! You burn the death yak.
You bite the death yak, but do no damage.
The death yak is severely wounded.
The death yak gores you!
You die...

.........##..............##......
###...#######...........####.....
##...# ##...........# ##....
##..## #........#..###.....
##..## #.#......#..........
##..## #.#.......#..#####..
##..####.#.......#### #..
##..##...Y.......### ##..
##......@.........####...
##................##..#.
#...##.................
#...##.................
#...##.................
#...<................).
##..[..................
#....[##..............
#...[###..............


You could see a death yak.

Vanquished Creatures
  A death yak (D:9)
  A vampire (D:8)
  2 wyverns
  3 yaks (D:8)
  2 steam dragons
  An acid dragon (D:9)
  Duvessa (D:7)
  4 water moccasins
  An ice beast (D:5)
  A sky beast (D:6)
  An orc warrior (D:9)
  2 black bears (D:6)
  A centaur (D:8)
  A phantom (D:4)
  4 kobold brigands
  4 scorpions
  2 bullfrogs
  A water moccasin zombie (D:7)
  Dowan (D:7)
  5 wights (D:8)
  A bullfrog zombie (D:7)
  2 centaur zombies
  5 hounds
  A jelly (D:6)
  An orc priest (D:9)
  Jessica (D:3)
  An iguana (D:6)
  6 orc wizards
  A hound skeleton (D:5)
  A howler monkey zombie (D:7)
  4 adders
  A white imp (D:7)
  An ufetubus (D:4)
  3 worms
  A dart slug (D:1)
  18 orcs
  7 ball pythons
  8 endoplasms
  7 giant cockroaches
  8 goblins
  9 hobgoblins
  38 kobolds
  3 quokkas
  4 bats
  7 rats
178 creatures vanquished.

Vanquished Creatures (others)
  5 plants (D:8)
5 creatures vanquished.

Grand Total: 183 creatures vanquished

Notes
Turn   | Place    | Note
-------+----------+-------------------------------------------
     0 | D:1      | jimonade the Gnoll Wanderer began the quest for the Orb.
     0 | D:1      | jimonade set off with the following items: a +0 dagger, a
                  | scroll of fog, a +0 scale mail, a +2 buckler
     0 | D:1      | Reached XP level 1. HP: 26/26 MP: 1/1
   165 | D:1      | Reached XP level 2. HP: 26/33 MP: 2/2
   937 | D:1      | Found a faded altar of an unknown god.
  1173 | D:2      | Reached XP level 3. HP: 38/38 MP: 3/3
  1320 | D:2      | Reached skill level 1 in Invocations
  1513 | D:2      | Reached skill level 1 in Short Blades
  1513 | D:2      | Reached skill level 1 in Long Blades
  1513 | D:2      | Reached skill level 1 in Axes
  1513 | D:2      | Reached skill level 1 in Maces & Flails
  1513 | D:2      | Reached skill level 1 in Polearms
  1513 | D:2      | Reached skill level 1 in Staves
  1513 | D:2      | Reached skill level 1 in Slings
  1513 | D:2      | Reached skill level 1 in Bows
  1513 | D:2      | Reached skill level 1 in Crossbows
  1513 | D:2      | Reached skill level 1 in Throwing
  1513 | D:2      | Reached skill level 1 in Dodging
  1513 | D:2      | Reached skill level 1 in Stealth
  1513 | D:2      | Reached skill level 1 in Unarmed Combat
  1513 | D:2      | Reached skill level 1 in Spellcasting
  1629 | D:2      | Reached XP level 4. HP: 45/45 MP: 5/5
  1981 | D:3      | Noticed Jessica
  2025 | D:3      | Killed Jessica
  2026 | D:3      | Reached skill level 1 in Conjurations
  2026 | D:3      | Reached skill level 1 in Hexes
  2026 | D:3      | Reached skill level 1 in Summonings
  2026 | D:3      | Reached skill level 1 in Necromancy
  2026 | D:3      | Reached skill level 1 in Translocations
  2026 | D:3      | Reached skill level 1 in Transmutations
  2026 | D:3      | Reached skill level 1 in Fire Magic
  2026 | D:3      | Reached skill level 1 in Ice Magic
  2026 | D:3      | Reached skill level 1 in Air Magic
  2026 | D:3      | Reached skill level 1 in Earth Magic
  2026 | D:3      | Reached skill level 1 in Poison Magic
  2128 | D:3      | Reached XP level 5. HP: 46/51 MP: 6/6
  3108 | D:4      | Reached XP level 6. HP: 53/57 MP: 8/8
  3217 | D:4      | Found a shadowy altar of Dithmenos.
  3248 | D:4      | Found a bloodstained altar of Trog.
  3507 | D:4      | Reached skill level 5 in Armour
  3753 | D:5      | Entered Level 5 of the Dungeon
  4031 | D:5      | Reached XP level 7. HP: 62/63 MP: 10/10
  4410 | D:5      | You fall into a shaft and drop 1 floor!
  4439 | D:6      | Reached skill level 9 in Fighting
  4823 | D:6      | Reached XP level 8. HP: 71/71 MP: 12/12
  6079 | D:7      | Noticed Duvessa
  6572 | D:7      | Found a glowing silver altar of Zin.
  6671 | D:7      | Reached XP level 9. HP: 69/77 MP: 14/14
  6800 | D:7      | Found a staircase to the Ecumenical Temple.
  6806 | Temple   | Entered the Ecumenical Temple
  7023 | Temple   | Became a worshipper of Warmaster Okawaru
  7405 | D:7      | Killed Duvessa
  7628 | D:7      | Noticed Dowan
  7664 | D:7      | Killed Dowan
  8393 | D:8      | Found Kelog's Antique Weapon Boutique.
  8578 | D:8      | Found a runed translucent gate.
  8578 | D:8      | Found a runed translucent gate.
  8579 | D:8      | Found a runed translucent gate.
  8579 | D:8      | Noticed Fangowolf's ghost (novice GrGl)
  8579 | D:8      | Noticed a ten-headed hydra
  8708 | D:8      | Reached skill level 5 in Evocations
  8988 | D:8      | Reached * piety under Okawaru
  9578 | D:8      | Reached skill level 5 in Invocations
  9948 | D:9      | Reached ** piety under Okawaru
  9958 | D:9      | Reached XP level 10. HP: 68/85 MP: 17/17
 10079 | D:9      | Found a hazy altar of Hepliaklqana.
 10699 | D:8      | Reached skill level 5 in Short Blades
 10699 | D:8      | Reached skill level 5 in Long Blades
 10699 | D:8      | Reached skill level 5 in Axes
 10699 | D:8      | Reached skill level 5 in Maces & Flails
 10699 | D:8      | Reached skill level 5 in Polearms
 10699 | D:8      | Reached skill level 5 in Staves
 10699 | D:8      | Reached skill level 5 in Slings
 10699 | D:8      | Reached skill level 5 in Bows
 10699 | D:8      | Reached skill level 5 in Crossbows
 10699 | D:8      | Reached skill level 5 in Throwing
 10699 | D:8      | Reached skill level 5 in Dodging
 10699 | D:8      | Reached skill level 5 in Stealth
 10699 | D:8      | Reached skill level 5 in Unarmed Combat
 10699 | D:8      | Reached skill level 5 in Spellcasting
 11047 | D:9      | Reached skill level 10 in Fighting
 11757 | D:10     | Entered Level 10 of the Dungeon
 11969 | D:10     | Noticed a death yak
 11972 | D:10     | Noticed a death yak
 11999 | D:10     | Noticed a death yak
 12029 | D:9      | Killed a death yak
 12029 | D:9      | Reached *** piety under Okawaru
 12245 | D:9      | Slain by a death yak

Illustrated notes

Levels and vault maps discovered:
D:1:      lemuel_arrival_broad_hall, layout_loops_corners,
          chequers_ecumenical_altar_lobes, minmay_heptomino_w4
D:2:      layout_rooms, minmay_goblin_kobold_house
D:3:      layout_basic, grunt_ministairs_1, uniq_jessica
D:4:      layout_cave_pools, mainiacjoe_overflow_swirl
D:5:      layout_basic
D:6:      layout_loops_ring, minmay_fractal_squares_diagonal_5
D:7:      layout_loops_cross, lemuel_round_altar, minmay_temple_entry_fiery,
          minmay_unpleasant_kobolds, uniq_duvessa
D:8:      layout_cave_pools, serial_shops, nicolae_shop_hallway_plus,
          gammafunk_ghost_hydra_chop, minivault_1
D:9:      layout_layer_cave, mainiacjoe_overflow_six_doors_small
D:10:     layout_grid_maze, dpeg_lair_monsters
Temple:   dpeg_five_rooms_temple

Skill      XL: |  1  2  3  4  5  6  7  8  9 10 |
---------------+-------------------------------+-----
Invocations    | 1 2 3 4 5 |  5.8
Short Blades   | 1 2 3 4 5 |  5.2
Long Blades    | 1 2 3 4 5 |  5.2
Axes           | 1 2 3 4 5 |  5.2
Maces & Flails | 1 2 3 4 5 |  5.2
Polearms       | 1 2 3 4 5 |  5.2
Staves         | 1 2 3 4 5 |  5.2
Slings         | 1 2 3 4 5 |  5.2
Bows           | 1 2 3 4 5 |  5.2
Crossbows      | 1 2 3 4 5 |  5.2
Throwing       | 1 2 3 4 5 |  5.2
Dodging        | 1 2 3 4 5 |  5.2
Stealth        | 1 2 3 4 5 |  5.2
Unarmed Combat | 1 2 3 4 5 |  5.2
Spellcasting   | 1 2 3 4 5 |  5.2
Conjurations   | 1 2 3 4 |  4.3
Hexes          | 1 2 3 4 |  4.3
Summonings     | 1 2 3 4 |  4.3
Necromancy     | 1 2 3 4 |  4.3
Translocations | 1 2 3 4 |  4.3
Transmutations | 1 2 3 4 |  4.3
Fire Magic     | 1 2 3 4 |  4.3
Ice Magic      | 1 2 3 4 |  4.3
Air Magic      | 1 2 3 4 |  4.3
Earth Magic    | 1 2 3 4 |  4.3
Poison Magic   | 1 2 3 4 |  4.3
Evocations     | 3 4 5 |  5.9
Armour         | 5 6 7 |  7.1
Shields        | 7 8 |  8.5
Fighting       | 9 10 | 10.1

Action                   |  1- 3 |  4- 6 |  7- 9 | 10-12 || total
-------------------------+-------+-------+-------+-------++-------
Melee: Dagger            |   127 |   215 |   334 |       ||   676
       Bite              |    12 |    22 |    58 |    16 ||   108
       Hand axe          |       |       |    76 |       ||    76
       Spear             |       |       |    14 |   128 ||   142
Throw: Dart              |       |     5 |     3 |    12 ||    20
Invok: Heroism           |       |       |       |     1 ||     1
Evoke: Wand              |       |       |     5 |       ||     5
  Use: Scroll            |       |     3 |    10 |       ||    13
       Potion            |       |       |     2 |     2 ||     4
 Stab: Distracted        |       |       |     1 |       ||     1
Armor: Scale mail        |    44 |    22 |       |       ||    66
       Chain mail        |       |    68 |   182 |    14 ||   264
       Plate armour      |       |       |       |    23 ||    23
Dodge: Dodged            |    27 |    44 |    92 |    20 ||   183
Block: Buckler           |    45 |    72 |   141 |    38 ||   296
